 Dungeon Crawl Stone Soup version 0.24.0-125-gc4c63601f3 (webtiles) character file.

Game seed: 10224705408812381849, levelgen mode: deterministic

29 Shinypotato the Ruffian (level 3, 0/29 HPs)
             Began as a Draconian Transmuter on Mar 20, 2020.
             Slain by a giant cockroach (2 damage)
             ... on level 1 of the Dungeon.
             The game lasted 00:15:17 (1521 turns).

Shinypotato the Ruffian (Draconian Transmuter)      Turns: 1521, Time: 00:15:18

Health: 0/29       AC:  5    Str: 13    XL:     3   Next: 1%
Magic:  6/6        EV: 12    Int: 13    God:
Gold:   58         SH:  0    Dex: 11    Spells: 5/6 levels left

rFire    . . .     SeeInvis .     - Unarmed
rCold    . . .     Gourm    .   (no shield)
rNeg     . . .     Faith    .   (armour unavailable)
rPois    .         Spirit   .   (helmet restricted)
rElec    .         Reflect  .   (no cloak)
rCorr    .         Harm     .   (no gloves)
MR       .....                  (no boots)
Stlth    +.........             (no amulet)
HPRegen  0.09/turn              (no ring)
MPRegen  0.10/turn              (no ring)

@: no status effects
A: unfitting armour, cold-blooded, AC +5
a: no special abilities


You were on level 1 of the Dungeon.
You were not hungry.

You visited 1 branch of the dungeon, and saw 3 of its levels.

You collected 58 gold pieces.

Inventory:

Hand Weapons
 h - a +0 club
Missiles
 a - 53 arrows (quivered)
 g - 22 sling bullets
 k - 3 boomerangs
Jewellery
 l - an uncursed ring of poison resistance {unknown}
Scrolls
 b - 2 scrolls of identify
 e - a scroll of teleportation
 f - a scroll of random uselessness {unknown}
 i - a scroll of magic mapping {unknown}
Potions
 d - a potion of curing {unknown}
 j - a potion of might {unknown}
Comestibles
 c - 3 rations


   Skills:
 + Level 1.8 Fighting
 + Level 2.0 Dodging
 + Level 3.3 Unarmed Combat
 + Level 2.4 Spellcasting
 + Level 2.2 Transmutations


You had 5 spell levels left.
You knew the following spells:

 Your Spells              Type           Power        Failure   Level  Hunger
a - Beastly Appendage     Tmut           #.....       10%         1    #......

Your spell library contained the following spells:

 Spells                   Type           Power        Failure   Level  Hunger
 Sticks to Snakes         Tmut           #.......     14%         2    ###....
 Spider Form              Tmut/Pois      #.........   43%         3    ###....
 Ice Form                 Ice/Tmut       #.......     83%         4    #####..
 Blade Hands              Tmut           #.........   95%         5    ######.


Dungeon Overview and Level Annotations

Branches:
Dungeon (3/15)

Altars:


Innate Abilities, Weirdness & Mutations

Your plain brown scales are hard. (AC +5)
You cannot fit into any form of body armour.
You are cold-blooded and may be slowed by cold attacks.


Message History

You can't go down here!
The kobold barely misses you. The giant cockroach closely misses you.
You climb upwards.
There is a stone staircase leading down here.
You barely miss the kobold. You tail-slap the kobold.
You kill the kobold!
The giant cockroach bites you.
* * * LOW HITPOINT WARNING * * *
The giant cockroach misses you.
The giant cockroach bites you but does no damage.
The giant cockroach closely misses you.
The giant cockroach bites you but does no damage.
The giant cockroach completely misses you.
The giant cockroach bites you but does no damage.
The giant cockroach closely misses you. The giant cockroach closely misses you.
The giant cockroach bites you.
* * * LOW HITPOINT WARNING * * *
The giant cockroach bites you.
You die...

...## ##......≈....#.. ....#
######.≈≈≈≈.### ..#.#####
#.........≈...# ..†.....# ######
#########.≈≈≈.#
.#......####....###...........≈..
.######...##....#.#.###.≈≈≈≈≈.≈≈≈
..# #...##........#...≈...≈...≈
#.# ##..........###.≈≈≈.≈.≈≈≈.≈
#.## #####....@.#...≈...≈.....≈
#..###### #####.s#.≈≈).≈≈≈.<.≈≈≈
##.†....##### #..#.≈)..≈.....≈..
######.....#####.#.≈.#.≈.≈≈≈.≈.≈
#####.......≈≈≈.#.≈...≈...≈
######..≈...#.≈≈≈.≈≈≈≈≈
###############...≈.#.#...≈......
.......#..........≈.#.#.#.≈≈≈.###
..................≈.#.#.#...≈....


You could see a giant cockroach.

Vanquished Creatures
  2 dart slugs (D:1)
  5 hobgoblins (D:1)
  6 jackals
  3 bats (D:1)
  2 frilled lizards (D:1)
  5 kobolds (D:1)
23 creatures vanquished.

Notes
Turn   | Place    | Note
-------+----------+-------------------------------------------
     0 | D:1      | Shinypotato the Draconian Transmuter began the quest for
                  | the Orb.
     0 | D:1      | Reached XP level 1. HP: 16/16 MP: 3/3
   588 | D:1      | Reached XP level 2. HP: 10/23 MP: 5/5
  1460 | D:2      | HP: 1/24 [jackal (2)]
  1465 | D:2      | HP: 1/24 [jackal (1)]
  1467 | D:3      | Reached XP level 3. HP: 1/29 MP: 6/6
  1521 | D:1      | Slain by a giant cockroach

Levels and vault maps discovered:
D:1:      psy_arrival_radial02, layout_rooms, minmay_tetromino_i2
D:2:      layout_basic
D:3:      layout_loops_corners, fiery_altar_vehumet, minmay_crystal_room

Skill      XL: |  1  2 |
---------------+-------+-----
Dodging        | 2 |  2.0
Fighting       | |  1.8
Unarmed Combat | |  3.3
Spellcasting   | |  2.4
Transmutations | |  2.2

Action                   || total
-------------------------++-------
Melee: Unarmed           ||    96
       Tailslap          ||    11
 Cast: Beastly Appendage ||     3
  Use: Scroll            ||     1
       Potion            ||     1
  Eat: Ration            ||     1
Armor: Skin              ||    55
Dodge: Dodged            ||   111
